AoeStats
← DS_Kvothe

Arabia

509741459Analyzed
1v1 RM · 5d ago on Sep 27, 2026· 41m 39s· 2 players
Game mode
Random Map
Map size
Tiny (2 player)
Population
200
Speed
Normal
Resources
Standard
Victory
Conquest
Starting age
Dark Age
Ending age
Imperial Age
RankedLock teamsTeams togetherTeam positionsShared explorationLock speedFull tech treeHidden civsTurbo modeCheats
Victory
Defeat
🇦🇷 Wu · Argentina
1931
+12
🇨🇱 Italians · Chile
1838
-12
AiM | Cronnos
5:50 Loom
8:23 Feudal Age
9:02 Double-Bit Axe
9:46 Town Watch
13:16 Fletching
21:41 Castle Age
20:31 Gold Mining
21:03 Scale Barding Armor
22:20 Bodkin Arrow
21:58 Crossbowman
26:58 Wheelbarrow
29:45 Bloodlines
36:18 Forging
36:29 Stone Mining
36:22 Horse Collar
40:04 Man-at-Arms
40:45 Squires
41:00 Long Swordsman
DS_Kvothe
6:55 Loom
9:11 Feudal Age
9:19 Man-at-Arms
9:47 Double-Bit Axe
10:00 Horse Collar
15:56 Padded Archer Armor
21:13 Castle Age
19:37 Fletching
20:10 Scale Mail Armor
20:49 Arson
21:15 Forging
21:57 Bodkin Arrow
21:54 Gold Mining
22:34 Squires
23:31 Elite Skirmisher
25:24 Chain Mail Armor
25:35 Pikeman
30:51 Leather Archer Armor
32:40 Wheelbarrow
35:07 Bow Saw
40:47 Town Watch
Connection lost

Rejoining the realm…

Still unreachable

The connection could not be restored.

Session expired

The server has moved on; the page needs a fresh start.